 Dungeon Sprint DCSS version 0.30-a0-881-g1ff12e1e11 (webtiles) character file.

Game seed: 12489731033921640067

401 rocky1 the Ruffian (level 6, -3/69 HPs)
             Began as a Draconian Transmuter on Mar 15, 2023.
             Was an Initiate of Sif Muna.
             Slain by a two-headed ogre
             ... wielding a +0 giant spiked club
              (23 damage)
             ... in the Dungeon (Sprint IX: "|||||||||||||||||||||||||||||").
             The game lasted 00:02:31 (479 turns).

rocky1 the Ruffian (Draconian Transmuter)            Turns: 479, Time: 00:02:31

Health: -3/69      AC:  6    Str: 13    XL:     6   Next: 54%
Magic:  7/14       EV: 11    Int: 21    God:    Sif Muna [......]
Gold:   0          SH:  0    Dex: 11    Spells: 6/16 levels left

rFire   x . .      SeeInvis .    j - melded +0 lajatang
rCold   + + +      Faith    .    (shield currently unavailable)
rNeg    . . .      Spirit   .    (body armour unavailable)
rPois   +          Reflect  .    (helmet currently unavailable)
rElec   .          Rampage  .    k - melded +0 cloak
rCorr   .          NoTele   +    (gloves currently unavailable)
Will    .....                    l - melded +0 pair of boots
Stlth   +                        (no amulet)
HPRegen 0.31/turn                m - +3 ring of intelligence
MPRegen 0.14/turn                n - +3 ring of intelligence

@: ice-form (expiring), slowed, very slow
A: freezing attack, amphibious, boosted hp, AC +6, large, unfitting armour,
(cold-blooded)
a: End Transformation, Renounce Religion


You were in the Dungeon.
You worshipped Sif Muna.
Sif Muna was noncommittal.
You were a creature of crystalline ice.
You visited 1 branch

Inventory:

Hand Weapons
 j - a +0 lajatang (melded)
Armour
 k - a +0 cloak (melded)
 l - a +0 pair of boots (melded)
Jewellery
 m - a +3 ring of intelligence (left front paw)
 n - a +3 ring of intelligence (right front paw)
Wands
 i - a wand of light (10)
Scrolls
 g - 2 scrolls of blinking
 h - 2 scrolls of amnesia
Potions
 a - a potion of invisibility
 b - 5 potions of curing
 c - a potion of heal wounds
 d - a potion of haste
 e - 4 potions of magic
 f - a potion of berserk rage


   Skills:
 + Level 6.9 Fighting
 + Level 5.9 Dodging
 * Level 7.5 Unarmed Combat
 + Level 5.9 Spellcasting
 + Level 6.4 Transmutations


You had 6 spell levels left.
You knew the following spells:

 Your Spells              Type           Power      Damage    Failure   Level
a - Beastly Appendage     Tmut           66%        N/A       1%          1
b - Wereblood             Tmut           33%        N/A       1%          2
c - Ice Form              Ice/Tmut       19%        N/A       26%         4
d - Spider Form           Tmut/Pois      19%        N/A       8%          3

Your spell library contained the following spells:

 Spells                   Type           Power      Damage    Failure   Level


Dungeon Overview and Level Annotations

Branches:
Dungeon (1/1)

Altars:
Cheibriados
Dithmenos
Elyvilon
Fedhas
Gozag
Hepliaklqana
Kikubaaqudgha
Makhleb
Nemelex Xobeh
Okawaru
Qazlal
Ru
Sif Muna
Trog
Uskayaw
Vehumet
Wu Jian
Xom
Yredelemnul
Zin
The Shining One
Jiyva
Lugonu


Innate Abilities, Weirdness & Mutations

You are a creature of crystalline ice.
You have a powerful freezing melee attack.
You are amphibious.
Your maximum health is increased.
Your armour is entirely melded.
You are incapable of wielding weapons or throwing items.
((Your plain brown scales are hard. (AC +6)))
You cannot fit into any form of body armour.
((You are cold-blooded and may be slowed by cold attacks.))


Message History

You have reached level 5!
Unknown command.
You punch the wraith! You freeze the wraith.
The wraith is moderately damaged.
The wraith hits you. The wraith drains your vigour!
You feel as though you will be slow longer.
The wraith barely misses you.
You barely miss the wraith.
The wraith is moderately damaged.
Your primal bloodlust is almost over.
The wraith hits you but does no damage.
You punch the wraith!
The wraith is severely damaged.
The wraith hits you but does no damage.
You punch the wraith! You freeze the wraith.
You feel a bit better.
You destroy the wraith!
Sif Muna accepts your kill. The two-headed ogre closely misses you.
The two-headed ogre hits you with a +0 giant spiked club.
Your Unarmed Combat skill increases to level 7!
Your Transmutations skill increases to level 6!
You have reached level 6!
Your scales feel tougher.
You punch the two-headed ogre! You freeze the two-headed ogre.
The two-headed ogre is moderately wounded.
Your transformation is almost over.
The howler monkey hoots and howls with incredible vigour! x2
The two-headed ogre barely misses you.
The two-headed ogre hits you with a +0 giant spiked club.
You hear a shout!
You hear an angry buzzing noise.
You hit the two-headed ogre. You freeze the two-headed ogre.
The two-headed ogre is heavily wounded.
You howl as the wereblood boils in your veins!
Your primal bloodlust has ended.
You hit the two-headed ogre. You freeze the two-headed ogre.
The two-headed ogre is heavily wounded.
The two-headed ogre hits you with a +0 giant spiked club!
* * * LOW HITPOINT WARNING * * *
The two-headed ogre hits you with a +0 giant spiked club!!
You die...

▓.▓
▓.▓
▓)▓
▓.▓
▓.▓
▓.▓
▓[▓
▓.▓
▓Y▓
▓O▓
▓O▓
▓h▓
▓Y▓
▓.▓
▓.▓
▓.▓


You could see 2 two-headed ogres, a yak and a howler monkey (catching breath).

Vanquished Creatures
  2 wraiths (D)
  A scorpion (D)
  A sleepcap (D)
  An iguana (D)
  A dart slug (D)
  An orc (D)
  A goblin (D)
  A quokka (D)
  2 bats (D)
  A rat (D)
12 creatures vanquished.

Notes
Turn   | Place    | Note
-------+----------+-------------------------------------------
     0 | D        | rocky1 the Draconian Transmuter began the quest for the
                  | Orb.
     0 | D        | Reached XP level 1. HP: 16/16 MP: 3/3
   120 | D        | Noticed a sleepcap
   120 | D        | Noticed an iguana
   120 | D        | Noticed a scorpion
   124 | D        | Killed a sleepcap
   125 | D        | Reached skill level 4 in Unarmed Combat
   125 | D        | Reached XP level 2. HP: 26/26 MP: 3/6
   125 | D        | Reached XP level 3. HP: 31/31 MP: 3/7
   138 | D        | Killed a scorpion
   139 | D        | Reached skill level 5 in Unarmed Combat
   139 | D        | Reached XP level 4. HP: 41/41 MP: 5/10
   380 | D        | Learned a level 2 spell: Wereblood
   385 | D        | Learned a level 4 spell: Ice Form
   389 | D        | Learned a level 3 spell: Spider Form
   392 | D        | Found a snail-covered altar of Cheibriados.
   392 | D        | Found a shadowy altar of Dithmenos.
   392 | D        | Found a white marble altar of Elyvilon.
   392 | D        | Found a blossoming altar of Fedhas.
   392 | D        | Found an opulent altar of Gozag.
   393 | D        | Found a hazy altar of Hepliaklqana.
   394 | D        | Found a viscous altar of Jiyva.
   395 | D        | Found an ancient bone altar of Kikubaaqudgha.
   396 | D        | Found a corrupted altar of Lugonu.
   397 | D        | Found a burning altar of Makhleb.
   398 | D        | Found a sparkling altar of Nemelex Xobeh.
   399 | D        | Found an iron altar of Okawaru.
   400 | D        | Found a stormy altar of Qazlal.
   401 | D        | Found a sacrificial altar of Ru.
   402 | D        | Found a shimmering blue altar of Sif Muna.
   403 | D        | Found a bloodstained altar of Trog.
   404 | D        | Found a hide-covered altar of Uskayaw.
   405 | D        | Found a radiant altar of Vehumet.
   406 | D        | Found an ornate altar of the Wu Jian Council.
   407 | D        | Found a shimmering altar of Xom.
   408 | D        | Found a basalt altar of Yredelemnul.
   411 | D        | Found a glowing silver altar of Zin.
   412 | D        | Became a worshipper of Sif Muna the Loreminder
   413 | D        | Found a glowing golden altar of the Shining One.
   457 | D        | Noticed a wraith
   457 | D        | Noticed a wraith
   457 | D        | Noticed a two-headed ogre
   457 | D        | Noticed a two-headed ogre
   457 | D        | Noticed a yak
   472 | D        | Killed a wraith
   473 | D        | Reached skill level 5 in Dodging
   473 | D        | Reached skill level 6 in Unarmed Combat
   473 | D        | Reached skill level 5 in Spellcasting
   473 | D        | Reached skill level 5 in Transmutations
   473 | D        | Reached XP level 5. HP: 35/50 MP: 6/12
   476 | D        | Killed a wraith
   477 | D        | Reached skill level 7 in Unarmed Combat
   477 | D        | Reached XP level 6. HP: 34/58 MP: 7/14
   479 | D        | Slain by a two-headed ogre

Illustrated notes

Levels and vault maps discovered:
D:        linesprint [early_d, line_temple, items_1, d_10, items_2, lair_1,
          lair_end, items_3, orc_1, orc_end, items_4, d_15, swamp_1, shoals_1,
          snake_1, spider_1, d_20, vaults_1, items_5, swamp_end, shoals_end,
          snake_end, spider_end, vaults_end, d_27, items_6, zot_1, zot_end,
          crypt_end, forest_end, elf_end, slime_end, tomb_end, abyss_end,
          pan_hell_end]

Skill      XL: |  1  2  3  4  5 |
---------------+----------------+-----
Dodging        | 3 4 5 |  5.9
Fighting       | 3 4 6 |  6.9
Unarmed Combat | 4 5 6 7 |  7.5
Spellcasting   | 3 4 5 |  5.9
Transmutations | 3 4 5 6 |  6.4

Action                     |  1- 3 |  4- 6 || total
---------------------------+-------+-------++-------
  Melee: Unarmed           |    25 |    20 ||    45
         Kick              |     2 |       ||     2
         Headbutt          |     2 |       ||     2
         Tailslap          |     1 |       ||     1
         Punch             |     1 |       ||     1
   Cast: Beastly Appendage |     2 |       ||     2
         Ice Form          |       |     1 ||     1
         Wereblood         |       |     1 ||     1
    Use: Potion            |     1 |     2 ||     3
 Armour: Skin              |     9 |     4 ||    13
  Dodge: Dodged            |     9 |    10 ||    19

Table legend: (Time is in decaauts)
 A = Elapsed time spent in this place.
 B = Non-inter-level travel time spent in this place.
 C = Inter-level travel time spent in this place.
 D = Time resting spent in this place.
 E = Time spent auto-exploring this place.
 F = Levels seen in this place.
 G = Mean time per level.
                   A        B        C        D        E       F      G
               +--------+--------+--------+--------+--------+-----+--------+
         Total |    482 |    482 |      0 |    335 |      0 |   1 |  482.0 |
       Dungeon |    482 |    482 |      0 |    335 |      0 |   1 |  482.0 |
               +--------+--------+--------+--------+--------+-----+--------+

Top non-repeatable levels by time:
       D: 482 daAuts
